Map: Orbital Shipyard

Players

ByunisJi - Winner!

  • Race: Terran Terran
  • League: Gold

Grumm

  • Race: Zerg Zerg
  • League: Gold

VOD

Have the link to the VOD?

Description

Time

  • Played on: Jan. 15, 2016, 5:16 p.m.
  • Length: 16:34
Show
View Real Time Build Order
Export as new Build Order

ByunisJi Terran - Winner!

Build Orders:  

Get SALT Encoding   

  12  0:01  SCV  
  13  0:16  Supply Depot  
  13  0:17  SCV  
  14  0:25  Refinery  
  14  0:30  SCV  
  15  0:45  Barracks  
  15  0:48  SCV  
  16  0:56  Refinery  
  16  1:00  SCV  
  17  1:12  SCV  
  18  1:25  SCV  
  18  1:32  Barracks Reactor  
  19  1:36  Supply Depot  
  19  1:39  SCV  
  20  1:44  Factory  
  20  1:51  SCV  
  21  2:03  SCV  
  22  2:11  Marine x2  
  24  2:24  SCV  
  24  2:28  Factory Reactor  
  25  2:36  SCV  
  26  2:38  Marine x2  
  28  2:48  Supply Depot  
  28  2:57  Starport  
  28  3:07  Supply Depot  
  28  3:14  Marine  
  28  3:15  Marine  
  30  3:29  Supply Depot, Hellion x2  
  30  3:34  Medivac  
  36  3:42  Starport  
  36  3:49  Marine x2  
  38  3:59  Armory  
  38  4:05  Hellion  
  40  4:11  Hellion  
  42  4:22  Supply Depot  
  42  4:24  Medivac  
  44  4:50  Starport Tech Lab  
  44  4:55  Starport Tech Lab  
  44  5:02  Hellion x2  
  48  5:20  Hellion x3  
  48  5:21  Hellion  
  47  5:29  Banshee x2  
  47  5:30  Cloaking Field  
  53  5:41  Command Center  
  53  6:24  Barracks  
  53  6:37  Orbital Command  
  53  6:52  Banshee x2  
  59  6:54  Supply Depot  
  59  7:12  Orbital Command, Barracks  
  59  7:14  Barracks Tech Lab  
  42  8:03  Barracks Reactor  
  36  8:06  Marauder, Marine x2  
  38  8:18  Medivac x2  
  42  8:21  Combat Shields  
  42  8:24  Marine x2  
  42  8:25  Barracks  
  46  8:27  Marauder  
  46  8:29  SCV  
  47  8:42  Marine x4, SCV  
  54  8:48  Marauder  
  54  8:54  SCV  
  55  9:00  Marine x4  
  55  9:01  Supply Depot  
  59  9:03  SCV  
  59  9:06  SCV  
  59  9:09  Engineering Bay  
  63  9:10  Marauder  
  64  9:17  Marine x2  
  64  9:18  Marine x2, Barracks Reactor  
  64  9:22  Barracks  
  69  9:31  Marauder  
  69  9:34  Supply Depot  
  69  9:35  Marine x3  
  69  9:36  Marine  
  69  9:37  Terran Infantry Weapons Level 1  
  73  9:39  Engineering Bay  
  73  9:43  Stimpack  
  75  9:53  Marauder, Marine x4  
  75  9:58  SCV  
  80  10:03  Refinery  
  79  10:10  SCV  
  76  10:14  Marauder  
  76  10:35  Marauder  
  76  10:47  Marine x3  
  76  10:48  Marine x4  
  83  10:56  SCV  
  86  10:57  Marauder  
  86  11:05  Marine x5  
  86  11:06  Marine x2  
  86  11:08  SCV  
  94  11:22  Supply Depot  
  94  11:43  Marine x6  
  94  11:45  Supply Depot  
  100  11:48  SCV  
  100  11:51  Barracks Reactor  
  101  11:54  Marine  
  101  12:00  SCV  
  101  12:03  Marauder  
  82  12:13  SCV  
  48  12:25  Marauder, SCV  
  47  12:37  Marine x3  
  47  12:38  Marine x5  
  51  12:46  Marauder  
  53  12:52  Medivac  
  53  12:55  Marine x4  
  53  12:56  Marine x2  
  61  12:59  SCV  
  62  13:07  Marauder  
  62  13:11  SCV  
  65  13:15  Marine x3  
  65  13:16  Marine x2  
  65  13:17  Marine  
  71  13:29  Marauder  
  71  13:32  Medivac x2  
  72  13:50  Marauder  
  72  13:54  Marine  
  72  13:55  Marine x7  
  82  14:11  Marauder  
  82  14:12  Marine x2  
  82  14:13  Marine  
  82  14:15  Refinery  
  87  14:23  Supply Depot  
  87  14:33  Marauder  
  87  14:37  Medivac  
  91  14:45  SCV  
  92  14:52  Supply Depot  
  92  14:54  Marauder  
  92  14:57  SCV  
  95  15:09  Marine x4  
  95  15:10  Marine x4  
  103  15:15  Supply Depot  
  103  15:16  Marauder  
  101  15:28  Marine x4  
  86  15:29  Marine  
  86  15:37  Marauder  
  88  15:48  Marine x3  
  78  15:58  Marauder  
  78  16:00  Marine x3  
  78  16:01  Marine x2  
  74  16:06  Marine  
Show
View Real Time Build Order
Export as new Build Order

Grumm Zerg 

Build Orders: Pool First, Lurkers 

Get SALT Encoding   

  12  0:18  Spawning Pool  
  11  0:27  Drone x2  
  13  0:31  Drone  
  14  0:47  Overlord  
  14  1:08  Zergling x4  
  16  1:17  Hatchery  
  15  1:20  Zergling x2  
  16  1:29  Drone  
  17  1:32  Extractor  
  17  1:35  Extractor  
  15  1:47  Drone x2  
  17  1:57  Drone  
  18  2:17  Drone x2  
  18  2:19  Queen  
  22  2:35  Drone x2  
  22  2:47  Drone x2  
  24  2:57  Drone x2  
  25  3:00  Metabolic Boost  
  25  3:06  Queen  
  25  3:09  Lair  
  27  3:13  Overlord x2  
  27  3:30  Roach Warren  
  27  3:32  Drone  
  27  3:33  Drone x2  
  29  3:40  Overlord  
  29  3:55  Zergling x8  
  32  3:56  Zergling x2  
  34  4:05  Spore Crawler  
  34  4:08  Spine Crawler  
  32  4:12  Roach x2  
  36  4:29  Drone x5  
  36  4:30  Drone  
  41  4:53  Roach  
  41  4:54  Roach x4  
  51  5:10  Overlord  
  51  5:11  Overlord  
  51  5:12  Spore Crawler  
  50  5:29  Roach x6  
  50  5:30  Zergling x2  
  63  5:44  Hydralisk Den  
  62  5:52  Spore Crawler  
  61  6:19  Lurker Den  
  61  6:20  Hydralisk  
  61  6:21  Hydralisk x2  
  61  6:22  Overlord x2  
  67  6:27  Evolution Chamber  
  67  6:29  Evolution Chamber  
  67  6:30  Evolution Chamber  
  64  6:34  Extractor  
  64  6:35  Extractor  
  64  6:36  Spore Crawler  
  64  6:39  Overseer  
  61  6:52  Nydus Network  
  60  6:59  Zerg Melee Weapons Level 1, Zerg Missile Weapons Level 1  
  52  7:32  Hydralisk x4  
  49  7:53  Hydralisk  
  40  8:21  Drone x3  
  43  8:51  Lurker  
  43  8:53  Drone  
  45  9:04  Drone  
  46  9:13  Drone  
  47  9:48  Nydus Canal  
  47  9:53  Drone x3  
  47  9:54  Drone  
  51  10:02  Drone x2  
  53  10:42  Drone x2  
  52  10:43  Drone x7  
  52  10:44  Drone x2  
  52  10:47  Lurker  
  62  10:57  Drone x2  
  62  11:03  Drone x2  
  66  11:33  Hydralisk  
  66  11:34  Hydralisk x2  
  72  11:45  Zergling x16  
  62  12:09  Hydralisk  
  62  12:10  Hydralisk x5  
  46  12:23  Zergling x6  
  46  12:29  Drone  
  47  12:42  Lurker  
  47  12:43  Lurker  
  50  12:44  Lurker  
  50  12:45  Drone  
  50  12:46  Drone x4  
  50  12:47  Queen  
  50  12:48  Queen  
  59  13:06  Nydus Canal  
  59  13:20  Nydus Canal  
  59  13:29  Zergling x2  
  59  13:30  Hatchery, Roach x5  
  51  13:54  Hydralisk x4  
  59  14:03  Hydralisk  
  59  14:04  Hydralisk  
  63  14:15  Zerg Missile Weapons Level 2  
  63  14:19  Roach x2  
  67  14:31  Spine Crawler  
  66  14:42  Queen  
  66  14:44  Roach  
  66  14:45  Roach x7  
  84  14:47  Spine Crawler  
  83  14:54  Spine Crawler  
  82  15:08  Hydralisk  
  82  15:09  Hydralisk x3  
  53  15:29  Roach  
  53  15:30  Roach x6  
  59  15:55  Roach  
  59  15:56  Roach x5  
Tags
 
Composition
Lurkers
League
GoldGold
Matchup
TvZ
Opening
Pool First
Replay Pack
sc2 replays 2016
Add a new tag
Caveats
  • Supply blocks, unpowered buildings, or Contaminate may cause inaccurate times.
  • Supply counts are checked every 10 seconds.